 Dungeon Crawl Stone Soup version 0.27.0-1-g7a089689b8 (webtiles) character file.

Game seed: 5516601901639300506

108 benadryl the Magician (level 5, -2/38 HPs)
             Began as a Djinni Air Elementalist on Aug 1, 2021.
             Slain by a bullfrog (6 damage)
             ... on level 2 of the Dungeon.
             The game lasted 00:04:02 (3282 turns).

benadryl the Magician (Djinni Air Elementalist)     Turns: 3282, Time: 00:04:02

Health: -2/38      AC:  3    Str:  7    XL:     5   Next: 12%
Gold:   117        EV: 12    Int: 17    God:
                   SH:  0    Dex: 14

rFire    + + .     SeeInvis .   f - +0 dagger
rCold    x . .     Faith    .   (no shield)
rNeg     . . .     Spirit   .   a - +0 robe
rPois    ∞         Reflect  .   h - +0 helmet
rElec    .         Harm     .   (no cloak)
rCorr    .         Rampage  .   (no gloves)
Will     .....                  (boots unavailable)
Stlth    ++........             (no amulet)
HPRegen  0.12/turn              (no ring)
MPRegen  0.00/turn              (no ring)

@: flying
A: sickness immunity, fire resistance 2, cold vulnerability 1, float, innate
caster, hp casting, extra vitality 1
a: no special abilities


You were on level 2 of the Dungeon.
You visited 1 branch of the dungeon, and saw 3 of its levels.

You collected 117 gold pieces.

Inventory:

Hand Weapons
 f - a +0 dagger (weapon)
Armour
 a - a +0 robe (worn)
 h - a +0 helmet (worn)
Scrolls
 c - a scroll of identify {@r1}
 e - a scroll of fog {unknown}
 g - a scroll of amnesia
Potions
 b - 3 potions of curing {@q1}
 d - a potion of flight {unknown}
 i - a potion of haste {unknown}


   Skills:
 + Level 2.2 Fighting
 - Level 2.1 Dodging
 - Level 1.5 Stealth
 * Level 3.7 Spellcasting


You couldn't memorise any spells.
You knew the following spells:

 Your Spells              Type           Power      Damage    Failure   Level
a - Shock                 Conj/Air       60%        1d6       3%          1
b - Static Discharge      Conj/Air       15%        N/A       5%          2
c - Swiftness             Air            15%        N/A       11%         3
d - Airstrike             Air            7%         N/A       34%         4
e - Summon Small Mammal   Summ           60%        N/A       3%          1
f - Poisonous Vapours     Pois/Air       30%        N/A       5%          2
Your spell library was empty.

Dungeon Overview and Level Annotations

Branches:
Dungeon (3/15)

Altars:
Sif Muna


Innate Abilities, Weirdness & Mutations

You are immune to sickness and miasma.
You are immune to poison.
Your flesh is very heat resistant. (rF++)
You are vulnerable to cold. (rC-)
You float through the air rather than walking.
You learn spells naturally, not from books.
Your magical power is your life essence.
You have superior vitality. (+4 HP)


Message History

The bullfrog closely misses you. The bullfrog hits you.
Unknown command.
The bullfrog barely misses you. The bullfrog closely misses you.
Okay, then.
The bullfrog closely misses you. The bullfrog hits you.
The giant cockroach closely misses you.
The bullfrog hits you but does no damage.
The bullfrog hits you!
* * * LOW HITPOINT WARNING * * *
There is a stone staircase leading up here.
The bullfrog closely misses you.
You fly upwards.
There is a stone staircase leading down here.
As you read the scroll labelled WATOIM VOXU, it crumbles to dust.
It is a scroll of identify.
b - 3 potions of curing The bullfrog barely misses you.
The bullfrog closely misses you. The bullfrog misses you.
The bullfrog closely misses you.
The bullfrog hits you but does no damage.
Casting: Shock (safe; 3% risk of failure)
Confirm with . or Enter, or press ? or * to list all spells.
Aiming: Poisonous Vapours (safe; 5% risk of failure)
Press: ? - help, Dir - move target, f - bullfrog
Aim: a bullfrog (moderately wounded) Poisonous vapours surround the bullfrog!
The bullfrog is poisoned.
* * * LOW HITPOINT WARNING * * *
The bullfrog hits you.
* * * LOW HITPOINT WARNING * * *
The bullfrog hits you.
* * * LOW HITPOINT WARNING * * *
The bullfrog barely misses you.
As you read the scroll labelled FEYTWO POUM, it crumbles to dust.
It is a scroll of amnesia.
You feel forgetful for a moment. The bullfrog barely misses you.
The bullfrog hits you.
You die...

#### #..#....##########
...# #..#....# ...#
#.......# ...# ##......#
.### #:.....# .#
######## #......#### .#
#......#####........#
####.##.....# #........#
#...##.....# ##@......#
##.####.....# #F......#
.#.# #.....####..######
### '#'##
#.............# #..
....# #.....#####.#.#
#.# ....# #.....# #...#
#.# ....######### #...#
#.#
....#.....#######...####
#.#
....#..................#
#.#


You could see a bullfrog (poisoned).

Vanquished Creatures
  5 adders
  A worm (D:2)
  A dart slug (D:3)
  8 endoplasms
  3 giant cockroaches
  5 hobgoblins
  4 jackals (D:3)
  3 kobolds
  4 quokkas
  7 ball pythons
  5 bats
  2 frilled lizards (D:1)
  3 goblins
  5 rats
56 creatures vanquished.

Notes
Turn   | Place    | Note
-------+----------+-------------------------------------------
     0 | D:1      | benadryl the Djinni Air Elementalist began the quest for
                  | the Orb.
     0 | D:1      | Reached XP level 1. HP: 15/15 MP: 0/0
   233 | D:1      | Reached XP level 2. HP: 21/22 MP: 0/0
   594 | D:1      | Reached skill level 1 in Fighting
   620 | D:1      | Found a faded altar of an unknown god.
   735 | D:1      | Reached XP level 3. HP: 26/27 MP: 0/0
   735 | D:1      | Learned a level 1 spell: Summon Small Mammal
   804 | D:1      | Reached skill level 3 in Spellcasting
  1375 | D:2      | Reached XP level 4. HP: 22/32 MP: 0/0
  2870 | D:3      | Reached XP level 5. HP: 33/38 MP: 0/0
  2870 | D:3      | Learned a level 2 spell: Poisonous Vapours
  3251 | D:3      | Noticed a bullfrog
  3282 | D:2      | Slain by a bullfrog

Illustrated notes

Levels and vault maps discovered:
D:1:      minmay_arrival_doors, layout_basic, ebering_ecumenical_altar_petrified
D:2:      layout_basic, basic_altar
D:3:      layout_rooms, minmay_misc_feat_rugged

Skill      XL: |  1  2  3  4 |
---------------+-------------+-----
Fighting       | 1 2 |  2.2
Spellcasting   | 3 |  3.7
Dodging        | |  2.1
Stealth        | |  1.5

Action                   |  1- 3 |  4- 6 || total
-------------------------+-------+-------++-------
 Cast: Shock             |    72 |    58 ||   130
       Static Discharge  |       |     1 ||     1
       Poisonous Vapours |       |     2 ||     2
  Use: Scroll            |       |     2 ||     2
Armor: Robe              |     4 |     4 ||     8
Dodge: Dodged            |     9 |    22 ||    31
